 Dungeon Crawl Stone Soup version 0.18-a0-1655-ge2d8d33 (webtiles) character file.

88 Deemzul the Skirmisher (level 4, -3/35 HPs)
             Began as a Demonspawn Fighter on Mar 31, 2016.
             Killed by divine providence
             ... invoked by an orc priest
              (10 damage)
             ... on level 3 of the Dungeon.
             The game lasted 00:02:00 (1879 turns).

Deemzul the Skirmisher (Demonspawn Fighter)         Turns: 1879, Time: 00:02:01

Health: -3/35      AC:  7    Str: 17    XL:     4   Next: 30%
Magic:  4/4        EV:  7    Int:  9    God:
Gold:   146        SH:  9    Dex: 13    Spells: 0 memorised, 3 levels left

rFire  . . .     SeeInvis .     a - +0 war axe
rCold  + . .     Gourm    .     b - +0 scale mail
rNeg   . . .     Faith    .     c - +0 shield
rPois  .         Spirit   .     (no helmet)
rElec  .         Dismiss  .     (no cloak)
rCorr  .         Reflect  .     (no gloves)
SustAt .         Harm     .     j - +0 pair of boots
MR     .....                    (no amulet)
Stlth  ..........               (no ring)
                                l - ring of protection from cold

@: not resistant to hostile enchantments, extremely unstealthy
A: hooves 1, foul stench 1, rot immunity
a: no special abilities


You were on level 3 of the Dungeon.
You were very hungry.

You visited 1 branch of the dungeon, and saw 3 of its levels.

You collected 146 gold pieces.

Inventory:

Hand Weapons
 a - a +0 war axe (weapon)
Armour
 b - a +0 scale mail (worn)
 c - a +0 shield (worn)
 j - a +0 pair of boots (worn)
Jewellery
 l - a ring of protection from cold (left hand)
Scrolls
 g - 2 scrolls of remove curse {unknown}
 k - 4 scrolls of identify {unknown}
Potions
 d - 2 potions of might
 e - a potion of curing {unknown}
 h - a potion of resistance {unknown}
 i - a potion of heal wounds {unknown}
 n - a potion of haste {unknown}
Books
 m - a book of Dreams

   Spells                             Type                      Level
   a - Ensorcelled Hibernation        Hexes/Ice                    2
   b - Silence                        Hexes/Air                    5
   c - Darkness                       Hexes                        6
   d - Shadow Creatures               Summoning                    6
Comestibles
 f - a bread ration


   Skills:
 + Level 3.5 Fighting
 * Level 3.1 Axes
 + Level 3.1 Armour
 + Level 3.1 Shields


You had 3 spell levels left.
You didn't know any spells.

Dungeon Overview and Level Annotations

Branches:
Dungeon (3/15)

Altars:
Fedhas


Innate Abilities, Weirdness & Mutations

You have large cloven feet.
You may emit foul miasma when damaged in melee.
You are immune to rotting.


Message History

The orc priest calls upon Beogh to heal the orc.
The orc's wounds heal themselves!
There is an open door here.
Unknown command.
Unknown command.
Unknown command.
Unknown command.
Unknown command.
Unknown command.
Found 2 yellow potions.
Unknown command.
The orc priest invokes the aid of Beogh against you.
Beogh smites you!
* * * LOW HITPOINT WARNING * * *
The orc priest miscasts a cantrip.
Found a robe.
The orc priest looks braver for a moment.
The orc priest calls down the wrath of Beogh upon you.
Beogh smites you!
You die...

[.#####.###.## .! .............
#. ... ..... ....#.# #. # #..
.....##.#.#.# # #.## ...
...........#..#### # #... #.#
.................# #.#... #.#
#....####.##.# #.###.
#.########....#.....#.# #.....
...o....oo....o.@...#.# ###...
#.#####..o#..#####..#.########...
..# #...#......................
#######...##.######(..#########..
.............................>...
##############...###.........#.##
..)..........'...+...............
...###########...####...######..#
...# #..................#


You could see an orc priest and 2 orcs.

Vanquished Creatures
  Jessica (D:2)
  3 adders (D:2)
  3 dart slugs
  An orc (D:3)
  A giant cockroach (D:2)
  2 goblins
  4 hobgoblins
  5 kobolds
  9 bats
  A giant newt (D:3)
  2 rats
32 creatures vanquished.

Notes
Turn   | Place    | Note
--------------------------------------------------------------
     0 | D:1      | Deemzul the Demonspawn Fighter began the quest for the Orb.
     0 | D:1      | Reached XP level 1. HP: 18/18 MP: 1/1
   396 | D:1      | Gained mutation: You have large cloven feet. [demonic ancestry]
   396 | D:1      | Reached XP level 2. HP: 24/24 MP: 2/2
   750 | D:2      | Found a blossoming altar of Fedhas.
   855 | D:2      | Noticed Jessica
   861 | D:2      | Killed Jessica
   861 | D:2      | Gained mutation: You are immune to rotting. [demonic ancestry]
   861 | D:2      | Reached XP level 3. HP: 16/29 MP: 3/3
  1366 | D:2      | Gained mutation: You may emit foul miasma when damaged in melee. [demonic ancestry]
  1366 | D:2      | Reached XP level 4. HP: 35/35 MP: 4/4
  1879 | D:3      | Killed from afar by an orc priest

Vault maps used:
D:1:      tarquinn_simple_flora_water_e
D:2:      fedhas_altar_2, uniq_jessica
D:3:      kennysheep_okawaru_gauntlet

Skill      XL: |  1  2  3 |
---------------+----------+-----
Axes           | 2 3 |  3.1
Shields        | 3 |  3.1
Armour         | 3 |  3.1
Fighting       | |  3.5

Action                   |  1- 3 |  4- 6 || total
-------------------------+-------+-------++-------
Melee: War axe           |    50 |    30 ||    80
  Eat: Chunk             |     1 |     1 ||     2
